 Dungeon Crawl Stone Soup version 0.20-a0-1043-gbd57889 (webtiles) character file.

59 Fenrisulfr the Charmwright (level 4, -11/35 HPs)
             Began as a Gnoll Skald on Apr 24, 2017.
             Mangled by lukano's ghost (12 damage)
             ... on level 3 of the Dungeon.
             The game lasted 00:05:13 (2014 turns).

Fenrisulfr the Charmwright (Gnoll Skald)            Turns: 2014, Time: 00:05:14

Health: -11/35     AC:  3    Str: 10    XL:     4   Next: 3%
Magic:  5/9        EV: 13    Int: 14    God:
Gold:   149        SH:  0    Dex: 13    Spells: 9/10 levels left

rFire    . . .     SeeInvis .   a - +1 spear
rCold    . . .     Gourm    .   (no shield)
rNeg     . . .     Faith    .   b - +0 leather armour
rPois    .         Spirit   .   (no helmet)
rElec    .         Reflect  .   (no cloak)
rCorr    .         Harm     .   (no gloves)
MR       .....                  (no boots)
Stlth    +.........             (no amulet)
Regen    0.2/turn               (no ring)
MPRegen  0.2/turn               (no ring)

@: no status effects
A: short attention span, fangs 1, strong nose
a: no special abilities


You were on level 3 of the Dungeon.
You were hungry.

You visited 1 branch of the dungeon, and saw 3 of its levels.

You collected 149 gold pieces.

Inventory:

Hand Weapons
 a - a +1 spear (weapon)
Armour
 b - a +0 leather armour (worn)
Scrolls
 e - a scroll of enchant weapon
 h - a scroll of remove curse {unknown}
 k - 2 scrolls of teleportation {unknown}
 n - a scroll of fog {unknown}
 p - a scroll of identify {unknown}
Potions
 g - a potion of brilliance {unknown}
 o - a potion of flight {unknown}
Books
 c - a book of Battle

   Spells                             Type                      Level
   a - Infusion                       Charms                       1
   b - Shroud of Golubria             Charms/Translocation         2
   c - Song of Slaying                Charms                       2
   d - Spectral Weapon                Hexes/Charms                 3
   e - Regeneration                   Charms/Necromancy            3
Comestibles
 d - a bread ration
 j - 6 fruits
 l - a meat ration
 q - 3 chunks of flesh


   Skills:
 + Level 3.4 Fighting
 + Level 4.0 Polearms
 + Level 1.9 Armour
 + Level 3.5 Dodging
 + Level 3.6 Spellcasting
 + Level 5.4 Charms


You had 9 spell levels left.
You knew the following spells:

 Your Spells              Type           Power        Failure   Level  Hunger
a - Infusion              Chrm           ###.         2%          1    None


Dungeon Overview and Level Annotations

Branches:
Dungeon (3/15)

Altars:

Annotations:
D:3 lukano's ghost, weakling MiFi


Innate Abilities, Weirdness & Mutations

You have a short attention span.
You have very sharp teeth.
Your uncanny sense of smell can sniff out nearby items.


Message History

You closely miss lukano's ghost.
Lukano's ghost is heavily damaged.
Lukano's ghost misses you.
You hit lukano's ghost.
Lukano's ghost is heavily damaged.
You hit lukano's ghost but do no damage.
Lukano's ghost is heavily damaged.
Lukano's ghost barely misses you.
Some of the chunks of flesh in your inventory have rotted away.
You hit lukano's ghost.
Lukano's ghost is severely damaged.
Your magical infusion is running out.
Lukano's ghost hits you!
* * * LOW HITPOINT WARNING * * *
It was a potion of cancellation.
Your magical effects are unravelling.
You feel magically purged.
You are no longer magically infusing your attacks.
Lukano's ghost hits you!
You die...

#.# # #$# # #.##.##.#
.#...#. ##.#### ..... ......
... #..##. ###########W#
#..##. .........##@######
#..##.
.######..........######..##.
#..#......(.........#.
#.##.#####.######.....
#(##.####...#......... ∆
#.##.#................
#.##.#.##...#.########
#.##.#.###.##.# # #.....÷#
#.##.# #


You could see lukano's ghost.

Vanquished Creatures
  An adder (D:2)
  4 worms
  A leopard gecko (D:3)
  A ball python (D:2)
  3 giant cockroaches
  3 goblins
  7 hobgoblins
  2 jackals (D:3)
  4 bats
  3 frilled lizards
  4 kobolds
  4 rats
37 creatures vanquished.

Notes
Turn   | Place    | Note
-------+----------+-------------------------------------------
     0 | D:1      | Fenrisulfr the Gnoll Skald began the quest for the Orb.
     0 | D:1      | Reached XP level 1. HP: 18/18 MP: 4/4
   104 | D:1      | Reached XP level 2. HP: 24/24 MP: 4/6
   210 | D:1      | Reached skill level 5 in Charms
   680 | D:2      | Reached XP level 3. HP: 15/29 MP: 1/8
  1799 | D:3      | Reached XP level 4. HP: 35/35 MP: 0/9
  1991 | D:3      | Noticed lukano's ghost (weakling MiFi)
  2013 | D:3      | HP: 1/35 [lukano's ghost (10)]
  2014 | D:3      | Mangled by lukano's ghost

Vault maps used:
D:1:      ncdulo_watergridlock
D:3:      cheibrodos_pilgrimage

Skill      XL: |  1  2  3 |
---------------+----------+-----
Charms         | 5 |  5.4
Polearms       | 4 |  4.0
Fighting       | |  3.4
Armour         | |  1.9
Dodging        | |  3.5
Spellcasting   | |  3.6

Action                   |  1- 3 |  4- 6 || total
-------------------------+-------+-------++-------
Melee: Spear             |   109 |    18 ||   127
       Bite              |     5 |     1 ||     6
 Cast: Infusion          |    11 |     1 ||    12
  Use: Potion            |     1 |     3 ||     4
       Scroll            |     1 |       ||     1
 Stab: Sleeping          |     1 |       ||     1
  Eat: Chunk             |     3 |       ||     3
Armor: Leather armour    |    11 |     1 ||    12
Dodge: Dodged            |    42 |     6 ||    48
